 Dungeon Crawl Stone Soup version 0.28.0-53-g5a82cb258f (webtiles) character file.

Game seed: 16513038518582760917

189 ILmort the Cudgeller (level 5, -3/46 HPs)
             Began as a Minotaur Berserker on Aug 14, 2022.
             Was an Elder of Trog.
             Slain by Menkaure (15 damage)
             ... in an ossuary.
             The game lasted 00:06:14 (3101 turns).

ILmort the Cudgeller (Minotaur Berserker)           Turns: 3101, Time: 00:06:14

Health: -3/46      AC:  7    Str: 24    XL:     5   Next: 40%
Magic:  4/4        EV: 11    Int:  4    God:    Trog [****..]
Gold:   85         SH:  0    Dex:  9    Spells: 4/4 levels left

rFire   . . .      SeeInvis .   a - +0 mace
rCold   . . .      Faith    .   (no shield)
rNeg    . . .      Spirit   .   h - +0 ring mail
rPois   .          Reflect  .   (helmet restricted)
rElec   .          Harm     .   (no cloak)
rCorr   .          Rampage  .   c - +1 pair of gloves
Will    .....                   (no boots)
Stlth   ..........              (no amulet)
HPRegen 0.15/turn               (no ring)
MPRegen 0.09/turn               (no ring)

@: no status effects
A: horns 2, retaliatory headbutt
a: Renounce Religion, Berserk, Trog's Hand, Brothers in Arms


You were in an ossuary.
You worshipped Trog.
Trog was greatly pleased with you.
You visited 1 branch of the dungeon, and saw 4 of its levels.
You also visited: Ossuary.

You collected 85 gold pieces.

Inventory:

Hand Weapons
 a - a +0 mace (weapon)
Armour
 b - a +0 animal skin
 c - a +1 pair of gloves (worn)
 h - a +0 ring mail (worn)
Scrolls
 f - a scroll of fear
Potions
 d - a potion of lignification
 e - a potion of cancellation
 i - a potion of haste {unknown}
 k - a potion of berserk rage {unknown}


   Skills:
 * Level 3.9 Fighting
 + Level 7.2 Maces & Flails
 + Level 2.6 Armour
 - Level 2.1 Dodging


You had 4 spell levels left.
You didn't know any spells.
Your spell library was empty.

Dungeon Overview and Level Annotations

Branches:
Dungeon (4/15)            Ossuary (1/1)
 Temple: D:4-7

Altars:
Hepliaklqana
Yredelemnul

Annotations:
Ossuary Menkaure


Innate Abilities, Weirdness & Mutations

You have a pair of horns on your head.
You reflexively headbutt those who attack you in melee.


Message History

No target in view!
No target in view!
The sentinel's mark upon you fades away.
A mummy comes into view.
A mummy is nearby!
Menkaure, Prince of Dust comes into view.
A mummy comes into view.
Menkaure gestures wildly while chanting.
Menkaure seems to speed up.
You hit the mummy.
You headbutt the mummy, but do no damage.
The mummy barely misses you. Menkaure hits you but does no damage.
You hit Menkaure.
You headbutt Menkaure, but do no damage.
Menkaure barely misses you. You furiously retaliate!
You headbutt Menkaure, but do no damage.
The mummy hits you!
You hit Menkaure but do no damage.
Menkaure points at you and mumbles some strange words.
Pain shoots through your body! Menkaure hits you!!
You barely miss Menkaure. Menkaure hits you!
* * * LOW HITPOINT WARNING * * *
You barely miss Menkaure. You headbutt Menkaure! Menkaure barely misses you.
The mummy barely misses you.
You feel much better. Menkaure casts a spell at you.
You barely resist.
The mummy hits you but does no damage. x2
Menkaure barely misses you.
You feel much better. Menkaure barely misses you. You furiously retaliate!
You headbutt Menkaure! You hit Menkaure. Your headbutt misses Menkaure.
The mummy hits you! Menkaure hits you! The mummy hits you.
You barely miss Menkaure. Menkaure casts a spell at you.
Pain shoots through your body!
* * * LOW HITPOINT WARNING * * *
The mummy closely misses you.
You closely miss Menkaure. Menkaure hits you!
You die...

#..##..####..##..## ..##..##
###..##..## .##..## ..##..##..##
##..## #..##..##..## #..##
#..##..##..## ..## #..##..##..##
.## #..##..##..## ##
#.M##..##..## # #M@##..##..##
##M.##..##..## ##..##..##..##
##..##..##..## ##..##..##..##
####################..##..##..##
......................^##..##..##
##########################..##..#
.............................##∩∩


You could see Menkaure (fast) and 2 mummies.

Vanquished Creatures
  A hound (D:3)
  An iguana (D:4)
  3 adders
  4 worms (D:2)
  2 dart slugs (D:2)
  9 endoplasms
  2 giant cockroaches
  4 goblins
  2 hobgoblins (D:1)
  4 jackals
  4 kobolds
  3 quokkas (D:1)
  5 ball pythons
  2 ball python zombies (D:3)
  5 frilled lizards
  3 gnoll skeletons (Ossuary)
  5 gnoll zombies (Ossuary)
  7 goblin skeletons (Ossuary)
  5 goblin zombies (Ossuary)
  5 hobgoblin skeletons (Ossuary)
  2 hobgoblin zombies (Ossuary)
  4 kobold skeletons (Ossuary)
  2 kobold zombies (Ossuary)
  3 orc skeletons (Ossuary)
  An orc zombie (Ossuary)
  A quokka zombie (D:3)
  3 rats (D:1)
  3 rat skeletons (Ossuary)
  7 rat zombies (Ossuary)
102 creatures vanquished.

Notes
Turn   | Place    | Note
-------+----------+-------------------------------------------
     0 | D:1      | ILmort the Minotaur Berserker began the quest for the Orb.
     0 | D:1      | Reached XP level 1. HP: 19/19 MP: 0/0
   103 | D:1      | Reached skill level 4 in Maces & Flails
   186 | D:1      | Reached XP level 2. HP: 22/26 MP: 1/1
   477 | D:1      | Reached ** piety under Trog
   684 | D:1      | Reached skill level 5 in Maces & Flails
   881 | D:2      | Reached XP level 3. HP: 24/31 MP: 2/2
  1711 | D:2      | Reached XP level 4. HP: 39/39 MP: 3/3
  1754 | D:2      | Reached skill level 6 in Maces & Flails
  2299 | D:3      | Found a hazy altar of Hepliaklqana.
  2354 | D:3      | Found a basalt altar of Yredelemnul.
  2734 | D:4      | Reached skill level 7 in Maces & Flails
  2734 | D:4      | Reached XP level 5. HP: 34/45 MP: 4/4
  2777 | D:4      | Found a sand-covered staircase.
  2782 | Ossuary  | Entered an ossuary
  2830 | Ossuary  | Reached *** piety under Trog
  3073 | Ossuary  | Reached **** piety under Trog
  3087 | Ossuary  | Noticed Menkaure
  3101 | Ossuary  | Slain by Menkaure

Illustrated notes

Levels and vault maps discovered:
D:1:      psy_arrival_radial01, layout_basic
D:2:      layout_loops_cross
D:3:      layout_loops_ring, nicolae_yredelemnul_corpse_copse,
          mainiacjoe_overflow_small_starburst, grunt_ministairs_14
D:4:      layout_basic, mainiacjoe_overflow_boulevard,
          minmay_temple_entry_sparse_star, nicolae_ossuary_entry_plus
Ossuary:  ossuary_due_pyramid

Skill      XL: |  1  2  3  4 |
---------------+-------------+-----
Maces & Flails | 4 5 7 |  7.2
Fighting       | |  3.9
Armour         | |  2.6
Dodging        | |  2.1

Action                   |  1- 3 |  4- 6 || total
-------------------------+-------+-------++-------
Melee: Mace              |    83 |   139 ||   222
       Headbutt          |    13 |    24 ||    37
       Punch             |       |     1 ||     1
  Use: Scroll            |       |     4 ||     4
       Potion            |       |     2 ||     2
Armor: Animal skin       |    24 |       ||    24
       Ring mail         |       |    46 ||    46
Dodge: Dodged            |    36 |    68 ||   104
